 Dungeon Crawl Stone Soup version 0.19-a0-414-g76fec5b (webtiles) character file.

141 richardnixon the Chopper (level 5, -3/45 HPs)
             Began as a Hill Orc Fighter on May 31, 2016.
             Slain by an orc
             ... wielding a +0 trident
              (6 damage)
             ... on level 3 of the Dungeon.
             The game lasted 00:03:41 (2455 turns).

richardnixon the Chopper (Hill Orc Fighter)         Turns: 2455, Time: 00:03:41

Health: -3/45      AC:  6    Str: 20    XL:     5   Next: 24%
Magic:  5/5        EV:  9    Int:  8    God:
Gold:   123        SH:  0    Dex: 10    Spells: 0 memorised, 4 levels left

rFire  . . .     SeeInvis .     a - +0 war axe
rCold  . . .     Gourm    .     b - +0 scale mail
rNeg   . . .     Faith    .     (no shield)
rPois  .         Spirit   .     (no helmet)
rElec  .         Dismiss  .     (no cloak)
rCorr  .         Reflect  .     (no gloves)
SustAt .         Harm     .     (no boots)
MR     .....                    (no amulet)
Stlth  ..........               (no ring)
                                (no ring)

@: not resistant to hostile enchantments, extremely unstealthy
A: no striking features
a: no special abilities


You were on level 3 of the Dungeon.
You were not hungry.

You visited 1 branch of the dungeon, and saw 3 of its levels.

You collected 123 gold pieces.

Inventory:

Hand Weapons
 a - a +0 war axe (weapon)
Armour
 b - a +0 scale mail (worn)
 c - a +0 shield
Jewellery
 o - an uncursed amulet of the gourmand {unknown}
Scrolls
 e - 3 scrolls of teleportation {unknown}
 h - 2 scrolls of amnesia {unknown}
 k - 4 scrolls of identify {unknown}
 m - a scroll of blinking {unknown}
 p - a scroll of fog {unknown}
Potions
 d - a potion of might
 j - a potion of heal wounds {unknown}
 l - a potion of mutation {unknown}
 n - a potion of brilliance {unknown}
Comestibles
 f - a bread ration
 g - a meat ration
 i - a royal jelly
 q - 3 fruits
 r - a beef jerky


   Skills:
 - Level 3.6 Fighting
 + Level 6.9 Axes
 - Level 3.2 Armour
 - Level 3.2 Shields


You had 4 spell levels left.
You didn't know any spells.

Dungeon Overview and Level Annotations

Branches:
Dungeon (3/15)

Altars:
Pakellas

Shops:
D:2 }


Message History

The orc priest is heavily wounded.
The orc priest shouts, "Surrender to Beogh and we'll let you live!"
The orc priest barely misses you. The orc barely misses you.
You closely miss the orc priest.
The orc priest is heavily wounded.
The orc priest hits you but does no damage.
The orc hits you from afar with a trident!
* * * LOW HITPOINT WARNING * * *
The orc priest shouts, "Surrender to Beogh and we'll let you live!"
The orc priest hits you but does no damage.
You slash the orc priest!
You kill the orc priest!
You have reached level 5!
You feel stronger. The orc barely misses you. The jackal bites you.
* * * LOW HITPOINT WARNING * * *
You miss the jackal. The jackal bites you.
* * * LOW HITPOINT WARNING * * *
The orc hits you from afar with a trident.
You die...

# .# .. # .#
#.####.#
#.oh@).#
......o#####
##.....
#.###. # #h
#. #. ..


You could see 2 orcs and a jackal.

Vanquished Creatures
  An orc priest (D:3)
  A gnoll (D:1)
  2 adders (D:2)
  2 worms (D:2)
  2 giant geckos
  6 orcs (D:3)
  2 giant cockroaches
  9 goblins
  10 hobgoblins
  10 jackals
  2 kobolds (D:1)
  2 quokkas (D:2)
  7 bats
  2 giant newts (D:2)
  4 rats (D:1)
62 creatures vanquished.

Notes
Turn   | Place    | Note
--------------------------------------------------------------
     0 | D:1      | richardnixon the Hill Orc Fighter began the quest for the Orb.
     0 | D:1      | Reached XP level 1. HP: 19/19 MP: 1/1
   151 | D:1      | Reached skill level 3 in Axes
   383 | D:1      | Reached XP level 2. HP: 26/26 MP: 2/2
   394 | D:1      | Reached skill level 4 in Axes
   596 | D:1      | Reached XP level 3. HP: 28/31 MP: 3/3
   986 | D:1      | Reached skill level 5 in Axes
  1404 | D:2      | Reached XP level 4. HP: 24/39 MP: 4/4
  1921 | D:2      | Reached skill level 6 in Axes
  2159 | D:2      | Found an oddly glowing altar of Pakellas.
  2159 | D:2      | Found Pakellas's Prime Provisions.
  2454 | D:3      | Reached XP level 5. HP: 6/45 MP: 5/5
  2455 | D:3      | Slain by an orc

Vault maps used:
D:1:      onia_arrival_pentagram, minmay_misc_feat_hallway
D:2:      johnstein_pakellas_shop
D:3:      grunt_temple_overflow_opulence, lemuel_old_faithful, uniq_iyjb

Skill      XL: |  1  2  3  4 |
---------------+-------------+-----
Axes           | 3 4 5 6 |  6.9
Fighting       | |  3.6
Armour         | |  3.2
Shields        | |  3.2

Action                   |  1- 3 |  4- 6 || total
-------------------------+-------+-------++-------
Melee: War axe           |   104 |   109 ||   213
  Use: Potion            |     1 |       ||     1
  Eat: Chunk             |     1 |     4 ||     5
Armor: Scale mail        |    61 |    66 ||   127
Dodge: Dodged            |    52 |    81 ||   133
Block: Shield            |    15 |       ||    15
